AoeStats
← 17_Neo_

Arena

507183287Analyzed
4v4 RM · 16d ago on Sep 17, 2026· 22m 41s· 8 players
Game mode
Random Map
Map size
Large (8 player)
Population
200
Speed
Normal
Resources
Standard
Victory
Conquest
Starting age
Dark Age
Ending age
Imperial Age
RankedLock teamsTeams togetherTeam positionsShared explorationLock speedFull tech treeHidden civsTurbo modeCheats
Victory
Defeat
🇦🇷 Britons · Argentina
1392
+14
🇭🇰 Teutons · Hong Kong SAR China
1390
+14
🇦🇷 Cumans · Argentina
1383
+14
🇬🇧 Spanish · United Kingdom
1352
+16
🇨🇴 Maya · Colombia
1396
-17
🇨🇴 Bohemians · Colombia
1364
-15
🇨🇴 Teutons · Colombia
1361
-15
🇨🇴 Celts · Colombia
1257
-11
Hugh Jayniss
5:38 Loom
8:17 Feudal Age
9:53 Town Watch
20:49 Fletching
milesburkley
12:00 Feudal Age
12:46 Double-Bit Axe
15:34 Castle Age
13:52 Horse Collar
15:39 Scale Barding Armor
16:01 Bloodlines
23:25 Wheelbarrow
jAvi
8:57 Feudal Age
9:29 Double-Bit Axe
10:18 Horse Collar
14:53 Wheelbarrow
15:01 Loom
19:57 Castle Age
19:24 Scale Barding Armor
19:50 Forging
20:29 Bloodlines
20:04 Capped Ram
20:34 Light Cavalry
21:50 Bow Saw
Jogadinha do Paqueta
10:31 Feudal Age
12:17 Double-Bit Axe
14:00 Loom
18:36 Castle Age
17:18 Fletching
17:55 Horse Collar
19:22 Bodkin Arrow
20:20 Crossbowman
22:00 Ballistics
22:51 Padded Archer Armor
Logan
12:06 Feudal Age
13:31 Wheelbarrow
17:04 Castle Age
Mhao
8:23 Loom
10:09 Feudal Age
10:49 Feudal Age
17:11 Town Watch
RAGNAROK
12:35 Feudal Age
14:20 Wheelbarrow
16:59 Castle Age
16:20 Bloodlines
16:18 Scale Barding Armor
16:54 Double-Bit Axe
16:51 Horse Collar
21:37 Forging
17_Neo_
0:27 Loom
11:46 Feudal Age
13:04 Double-Bit Axe
15:46 Castle Age
14:39 Horse Collar
15:36 Wheelbarrow
17:50 Bow Saw
21:56 Heavy Plow
22:59 Fletching
Connection lost

Rejoining the realm…

Still unreachable

The connection could not be restored.

Session expired

The server has moved on; the page needs a fresh start.